[Event "*** Titled Tuesday Blitz"]
[Site "Chess.com"]
[Date "2020.05.05"]
[Round "2"]
[White "BillCoe"]
[Black "Kopytkin"]
[Result "0-1"]
[WhiteElo "2016"]
[BlackElo "2361"]
[TimeControl "180+1"]
[EndTime "10:21:02 PDT"]
[Termination "Kopytkin won on time"]

1. e4 Nf6 2. e5 Nd5 3. g3 d6 4. exd6 cxd6 5. Bg2 Nf6 6. Nf3 d5 7. O-O Nc6 8. d4 Bg4 9. c3 e6 10. h3 Bh5 11. Be3 Be7 12. Nbd2 O-O 13. Re1 b5 14. b4 a5 15. a3 Nd7 16. Nb3 Ra7 17. Qd3 Qb6 18. Nc5 Bg6 19. Qd2 Rfa8 20. Nxd7 Rxd7 21. Ne5 Nxe5 22. dxe5 Qc6 23. Bd4 Rc7 24. f4 Rcc8 25.
Bf1 Ra6 26. Bd3 axb4 27. axb4 Rca8 28. Rxa6 Qxa6 29. g4 Bxd3 30. Qxd3 Qc6 31. Re2 Ra3 32. f5 Bxb4 33. fxe6 fxe6 34. Rf2 Be7 35. Qf3 Qe8 36. Rb2 b4 37. Qd3 b3 38. c4 Qa4 39. cxd5 exd5 40.
Bc3 Qc4 41. Qf3 Ra1+ 42. Kh2 Bg5 43. Rf2 Bf4+ 44. Qxf4 Qxf4+ 45. Rxf4 Rc1 46. Bd4 Rd1 47. Kg3 Rd3+ 48. Kf2 b2 49. Bxb2 Rd2+ 50. Ke3 Rxb2 51. e6 Rb6 52. Kd4 Rxe6 53. Kxd5 Re3 54. h4 h6 55. g5 hxg5 56. hxg5 Kh7 57. Rf5 Kg6 58. Rf1 Kxg5 59. Rg1+ Kf6 60. Kd4 Re2 61.
Rf1+ Kg6 62. Rg1+ Kf7 63. Rf1+ Kg8 64. Kd3 Re6 65. Rg1 g6 66. Rf1 Kg7 67. Rg1 Re5 68. Kd4 Re8 69. Kd5 Re2 70. Kd6 Kf6 71. Rf1+ Kg7 72.
Rg1 Kh7 73. Rh1+ Kg7 74. Rf1 Kh6 75. Kd7 g5 76. Rh1+ Kg6 77. Rf1 g4 78. Rg1 Kg5 79.
Rf1 g3 80. Rf8 Kg4 81. Rg8+ Kh3 82. Rh8+ Kg2 83. Rg8 Re4 84. Rf8 Kh2 85. Rh8+ Kg2 86. Kd6 Kf3 87. Kd5 Rg4 88. Rf8+ Ke3 89. Re8+ Kd3 90. Re1 g2 91. Rg1 Ke2 92. Ke5 Kf2 93. Ra1 g1=Q 94. Ra2+ Kg3 95. Ra3+ Kh4 0-1

[Event "*** Titled Tuesday Blitz"]
[Site "Chess.com"]
[Date "2020.05.05"]
[Round "2"]
[White "julinha97"]
[Black "StockholmMissile"]
[Result "1/2-1/2"]
[WhiteElo "2167"]
[BlackElo "2399"]
[TimeControl "180+1"]
[EndTime "10:21:08 PDT"]
[Termination "Game drawn by agreement"]

1. e4 e5 2. Nf3 Nc6 3. d4 exd4 4. Bc4 Bc5 5. O-O Nf6 6. c3 d3 7. e5 d5 8. Bb5 Ne4 9. Qxd3 O-O 10. Bxc6 bxc6 11.
Nd4 Bd7 12. f3 Ng5 13. f4 Ne6 14. Be3 Be7 15. f5 Nc5 16. Qc2 Ne4 17. Nd2 c5 18.
N4b3 c4 19. Nc1 Bc5 20. Bxc5 Nxc5 21. f6 g6 22. Ne2 Re8 23. Nf3 Nd3 24. Qd2 Re6 25.
Ned4 Rb6 26. b4 c5 27. bxc5 Rb2 28. Qh6 Qf8 29. Qxf8+ Kxf8 30. c6 Bg4 31. Ng5 h6 32. h3 Be2 33. Nxe2 Rxe2 34. Nf3 Nxe5 35. Nxe5 Rxe5 36.
Rab1 Rc8 37. Rb7 Rxc6 38. Rxa7 Re8 39. Ra5 Rd8 40. Rd1 Rxf6 41. Rdxd5 Rb8 42. Rdb5 Re8 43. Re5 Rxe5 44. Rxe5 Ra6 45. Rc5 Rxa2 46. Rxc4 Kg7 47. Rc7 Rc2 48. Kh2 Kf6 49. c4 h5 50. c5 h4 51. Rc8 Ke7 52. c6 Kd6 53. Rh8 g5 54. Rh6+ Ke5 55. Rh7 Ke6 56. Rh6+ f6 57. Rh8 Rxc6 58. Ra8 Kf5 59. Ra2 Rc1 60. Rf2+ Kg6 61. Re2 Rc3 62. Rf2 f5 63. Rb2 g4 64. hxg4 fxg4 65. Rb6+ Kf5 66. Rb5+ Ke6 67. Rb4 Rg3 68. Ra4 Kd5 69. Rf4 Ke5 70. Ra4 Kf5 71.
Ra5+ Ke4 72. Ra4+ Ke3 73. Ra3+ Kd2 74. Ra2+ Ke3 75. Ra3+ Kf4 76. Ra4+ Kf5 77. Ra5+ Ke6 78. Ra6+ Kd7 79. Rh6 Rc3 80. Rxh4 g3+ 81. Kh3 Ke6 82. Rg4 Kf5 83. Rxg3 Rc8 84. Ra3 Rh8+ 85. Kg3 Rg8+ 86. Kf3 Rc8 87. Ra5+ Kg6 88. g4 Rc3+ 89. Kf4 Rc4+ 90. Kg3 Rc3+ 91. Kh4 Rc1 92. Ra6+ Kg7 93. Kh5 Rc5+ 94. g5 Rc7 95. Rg6+ Kh7 96. Rf6 Kg7 97. Ra6 Kh7 1/2-1/2

[Event "*** Titled Tuesday Blitz"]
[Site "Chess.com"]
[Date "2020.05.05"]
[Round "2"]
[White "mishanick"]
[Black "vpsetter"]
[Result "0-1"]
[WhiteElo "2938"]
[BlackElo "2592"]
[TimeControl "180+1"]
[EndTime "10:21:59 PDT"]
[Termination "vpsetter won on time"]

1. d4 Nf6 2. c4 e6 3. Nf3 d5 4. Nc3 Be7 5. g3 c6 6. Bg2 b6 7. O-O Ba6 8. cxd5 cxd5 9. Re1 Bb7 10. Bf4 O-O 11. Rc1 Nc6 12. a3 Rc8 13. Ne5 a6 14. b4 Nxe5 15. Bxe5 Nd7 16. Qd2 b5 17. Bf4 Nb6 18. h4 Nc4 19. Qa2 Qb6 20. Red1 a5 21.
Qb3 Nxa3 22. bxa5 Qxa5 23. e3 b4 24. Na4 Ba6 25. Nb2 Bc4 26. Nxc4 dxc4 27. Qb2 b3 28. Bf1 Qb4 29. Rc3 Nb5 30. Rxc4 Rxc4 31. Bxc4 Qxc4 32. Rb1 Nc3 33. Qxb3 Qd3 34. Rb2 Ne2+ 35. Kg2 Nxf4+ 36. gxf4 Qxb3 37. Rxb3 Bxh4 38. Rb5 Bf6 39. f5 Rd8 40. fxe6 fxe6 41. f4 Rd7 42. Kf3 Kf7 43. Ke4 g6 44. Ra5 h5 45. Kf3 Kg7 46. Ra6 Kf7 47. Ke4 g5 48. fxg5 Bxg5 49. Ra5 Kf6 50. Kf3 Rc7 51. e4 Rc3+ 52. Kg2 Re3 53. d5 Rxe4 54. dxe6 Rxe6 55. Ra2 Kg6 56. Rf2 Rc6 57. Rf8 Rc3 58. Rf3 Rc4 59. Rf2 Bf4 60. Re2 Kg5 61. Kh3 Rc3+ 62.
Kg2 Kg4 63. Rf2 h4 64. Rf1 h3+ 65. Kh1 Rc2 66. Rg1+ Bg3 67. Rb1 Bf4 68. Rg1+ Kh4 69. Rf1 Be3 70. Re1 Bf4 71. Rf1 Rc4 72. Rd1 Kg4 73. Rg1+ Kf5 74. Rf1 Rc2 75. Rd1 Ke4 76.
Re1+ Be3 77. Rf1 Rb2 78. Re1 Kf3 79. Rf1+ Kg4 80. Re1 Bf4 81. Rg1+ Kh4 82. Rf1 Kg5 83. Rg1+ Kf5 84. Rf1 Rc2 85. Re1 Bg3 86. Rf1+ Kg4 87. Rd1 Rh2+ 88. Kg1 Re2 89. Kh1 Kf3 90. Rf1+ Bf2 91.
Rd1 Re3 92. Rb1 Bg3 0-1

[Event "*** Titled Tuesday Blitz"]
[Site "Chess.com"]
[Date "2020.05.05"]
[Round "3"]
[White "Beca95"]
[Black "tvjosue"]
[Result "1-0"]
[WhiteElo "2858"]
[BlackElo "2558"]
[TimeControl "180+1"]
[EndTime "10:23:45 PDT"]
[Termination "Beca95 won by resignation"]

1. Nf3 g6 2. d4 Bg7 3. e4 c5 4. d5 e6 5. Nc3 exd5 6. Nxd5 Nf6 7. Bg5 O-O 8. e5 Re8 9. Be2 Qa5+ 10. Bd2 Qxd2+ 11.
Qxd2 1-0

[Event "*** Titled Tuesday Blitz"]
[Site "Chess.com"]
[Date "2020.05.05"]
[Round "3"]
[White "SamuelGhimpu2003"]
[Black "KingChess345"]
[Result "1-0"]
[WhiteElo "2685"]
[BlackElo "2184"]
[TimeControl "180+1"]
[EndTime "10:24:11 PDT"]
[Termination "SamuelGhimpu2003 won by resignation"]

1. e4 c5 2. Nf3 Nc6 3. d4 cxd4 4.
Nxd4 Nf6 5. Nc3 e5 6. Ndb5 d6 7. Nd5 Nxd5 8. exd5 Ne7 9. c4 Ng6 10. Qa4 Bd7 11. Qb4 Qb8 12. h4 h5 13. g3 Be7 14.
Be3 O-O 15. Be2 Bg4 16. Bxg4 hxg4 17. h5 Nh8 18. h6 g6 19. h7+ Kg7 20. Bh6+ Kxh7 21.
Bxf8+ Kg8 22. Bxe7 1-0

[Event "*** Titled Tuesday Blitz"]
[Site "Chess.com"]
[Date "2020.05.05"]
[Round "3"]
[White "HanSchut"]
[Black "VNeimer"]
[Result "0-1"]
[WhiteElo "2238"]
[BlackElo "2503"]
[TimeControl "180+1"]
[EndTime "10:25:15 PDT"]
[Termination "VNeimer won by resignation"]

1. e4 c5 2. Nf3 Nc6 3. Nc3 g6 4. Bb5 Nd4 5. O-O Bg7 6. a4 e6 7. Nxd4 cxd4 8. Ne2 Ne7 9. c3 a6 10. Bd3 Nc6 11. f4 O-O 12. Qe1 f5 13. e5 dxc3 14. dxc3 d6 15. exd6 Qxd6 16. Bc4 Qc5+ 0-1

[Event "*** Titled Tuesday Blitz"]
[Site "Chess.com"]
[Date "2020.05.05"]
[Round "3"]
[White "lolo9292"]
[Black "Rud_Makarian"]
[Result "0-1"]
[WhiteElo "2504"]
[BlackElo "2736"]
[TimeControl "180+1"]
[EndTime "10:25:16 PDT"]
[Termination "Rud_Makarian won by resignation"]

1. d4 Nf6 2. c4 g6 3. Nc3 Bg7 4. e4 d6 5. f3 O-O 6. Nge2 a6 7. Be3 b5 8. cxb5 axb5 9. Nxb5 c6 10. Nbc3 Nbd7 11. g4 e5 12. h4 Re8 13. h5 d5 14.
g5 Nxh5 15. Rxh5 gxh5 16. exd5 cxd5 17. Bg2 exd4 18. Bxd4 Qxg5 19. Kf1 Ba6 20. Bxg7 Rxe2 21. Nxe2 Re8 22. Bh3 Bxe2+ 23. Qxe2 Rxe2 24. Kxe2 Qxg7 25. Rd1 Qxb2+ 26. Rd2 Qb5+ 27. Kf2 Ne5 28. Bf5 d4 29. Rxd4 Qc5 30. Ke3 Nc6 0-1

[Event "*** Titled Tuesday Blitz"]
[Site "Chess.com"]
[Date "2020.05.05"]
[Round "3"]
[White "GMNeiksans"]
[Black "pichonazo"]
[Result "1-0"]
[WhiteElo "2779"]
[BlackElo "2515"]
[TimeControl "180+1"]
[EndTime "10:25:19 PDT"]
[Termination "GMNeiksans won by resignation"]

1. e4 c5 2. Nf3 d6 3. Bb5+ Bd7 4. Bxd7+ Nxd7 5. O-O Ngf6 6. Qe2 g6 7. c3 Bg7 8. d4 O-O 9. e5 dxe5 10. dxe5 Nd5 11.
e6 N7f6 12. exf7+ Kh8 13. Ng5 Qd6 14. Na3 Nf4 15. Bxf4 Qxf4 16. Ne6 Qe4 17. Qxe4 Nxe4 18. Nxf8 Rxf8 19. Rfe1 1-0

[Event "*** Titled Tuesday Blitz"]
[Site "Chess.com"]
[Date "2020.05.05"]
[Round "3"]
[White "ajdemipopushi"]
[Black "Warre"]
[Result "1-0"]
[WhiteElo "2277"]
[BlackElo "2441"]
[TimeControl "180+1"]
[EndTime "10:25:23 PDT"]
[Termination "ajdemipopushi won by resignation"]

1. Nf3 d5 2. g3 Nf6 3. c4 e6 4. Bg2 dxc4 5. Na3 Bxa3 6. Qa4+ b5 7.
Qxa3 Bb7 8. b3 cxb3 9. Qxb3 Nbd7 10. Qxb5 Rb8 11. Qa4 O-O 12. Qxa7 Nb6 13. O-O Ba6 14. Qxa6 1-0

[Event "*** Titled Tuesday Blitz"]
[Site "Chess.com"]
[Date "2020.05.05"]
[Round "3"]
[White "nickmatta"]
[Black "AryanTari"]
[Result "0-1"]
[WhiteElo "2461"]
[BlackElo "2871"]
[TimeControl "180+1"]
[EndTime "10:25:26 PDT"]
[Termination "AryanTari won by resignation"]

1. d4 d5 2. c4 e6 3. Nc3 Be7 4.
Nf3 Nf6 5. Bf4 O-O 6. e3 Nbd7 7. Be2 dxc4 8. O-O c5 9. d5 exd5 10. Nxd5 Nxd5 11. Qxd5 Nb6 12. Qe5 Be6 13. Rfd1 Qc8 14. Ng5 Bf6 15. Qe4 Bf5 16. Qf3 Bxb2 17. Bd6 Bxa1 18.
Bxf8 Bf6 19. Bd6 Bxg5 0-1

[Event "*** Titled Tuesday Blitz"]
[Site "Chess.com"]
[Date "2020.05.05"]
[Round "3"]
[White "szefru"]
[Black "m_ezat"]
[Result "0-1"]
[WhiteElo "2102"]
[BlackElo "2472"]
[TimeControl "180+1"]
[EndTime "10:25:31 PDT"]
[Termination "m_ezat won by resignation"]

1. e4 c6 2. d4 d5 3. Nc3 dxe4 4.
Nxe4 Nd7 5. Qe2 Ndf6 6. Nxf6+ Nxf6 7. Be3 Bf5 8. O-O-O e6 9. f3 Qa5 10. Kb1 Nd5 11.
a3 Bxa3 12. Bd2 Bb4 13. g4 Bg6 14. h4 Bxd2 15. Qxd2 Nb4 0-1

[Event "*** Titled Tuesday Blitz"]
[Site "Chess.com"]
[Date "2020.05.05"]
[Round "3"]
[White "Ceejay271"]
[Black "Lagmantr"]
[Result "0-1"]
[WhiteElo "2375"]
[BlackElo "2699"]
[TimeControl "180+1"]
[EndTime "10:25:32 PDT"]
[Termination "Lagmantr won by resignation"]

1. d4 d5 2. c4 e6 3. Nf3 c6 4. g3 dxc4 5. Bg2 b5 6. O-O Bb7 7. a4 a6 8. Nc3 Nd7 9. Bf4 Ngf6 10. Ne5 Nxe5 11. Bxe5 Bd6 12. Bxd6 Qxd6 13. axb5 axb5 14.
Rxa8+ Bxa8 15. Nxb5 cxb5 16. Bxa8 O-O 17. Bf3 h6 18. e3 e5 19. dxe5 Qxe5 20. Qc2 Rd8 21. Rd1 Rxd1+ 22. Bxd1 Nd5 23. Bf3 Nb4 24. Qd2 Nd3 25.
b3 Qa1+ 26. Kg2 Ne1+ 27. Kh3 Nxf3 28. bxc4 Nxd2 0-1

[Event "*** Titled Tuesday Blitz"]
[Site "Chess.com"]
[Date "2020.05.05"]
[Round "3"]
[White "Dr-Bassem"]
[Black "Gahan-MG"]
[Result "1-0"]
[WhiteElo "2799"]
[BlackElo "2600"]
[TimeControl "180+1"]
[EndTime "10:25:41 PDT"]
[Termination "Dr-Bassem won by resignation"]

1. e4 c5 2. Nf3 e6 3. d3 d5 4.
Nbd2 Nf6 5. g3 Be7 6. Bg2 Nc6 7.
O-O O-O 8. Re1 b5 9. e5 Nd7 10.
Nf1 a5 11. h4 Qc7 12. Bf4 Nd4 13. Nxd4 cxd4 14. Rc1 Bb7 15. Qg4 Rfc8 16. Nh2 b4 17. Nf3 a4 18. Nxd4 a3 19. bxa3 Rxa3 20. Nxe6 fxe6 21.
Qxe6+ Kf8 22. Qf5+ Kg8 23. e6 Qc5 24. Qf7+ Kh8 25.
exd7 1-0

[Event "*** Titled Tuesday Blitz"]
[Site "Chess.com"]
[Date "2020.05.05"]
[Round "3"]
[White "ENEASZ"]
[Black "Irina_Barchuk"]
[Result "1-0"]
[WhiteElo "2483"]
[BlackElo "2194"]
[TimeControl "180+1"]
[EndTime "10:25:44 PDT"]
[Termination "ENEASZ won by resignation"]

1. e4 c5 2. c3 Nf6 3. e5 Nd5 4. d4 cxd4 5. cxd4 Nc6 6. Nf3 d6 7. Nc3 Nxc3 8. bxc3 d5 9. Bd3 Bg4 10. O-O Rc8 11. h3 Bh5 12. e6 fxe6 13. Re1 Qd7 14. Rb1 b6 15. g4 Bg6 16. Bxg6+ hxg6 17. Ng5 e5 18. Qf3 e6 19. dxe5 Bc5 20. Qd3 Rf8 21. Qxg6+ Kd8 22. Nxe6+ Ke7 23. Bg5+ 1-0

[Event "*** Titled Tuesday Blitz"]
[Site "Chess.com"]
[Date "2020.05.05"]
[Round "3"]
[White "GracefulYear"]
[Black "josiwales"]
[Result "0-1"]
[WhiteElo "2426"]
[BlackElo "2696"]
[TimeControl "180+1"]
[EndTime "10:25:49 PDT"]
[Termination "josiwales won by checkmate"]

1. b3 e5 2. Bb2 d6 3. g3 g6 4.
Bg2 Bg7 5. f4 Ne7 6. e3 O-O 7.
Ne2 Nbc6 8. O-O Be6 9. d3 f5 10.
Nd2 Re8 11. e4 Qd7 12. Re1 Rad8 13. Nc3 d5 14. exd5 Nxd5 15. Nxd5 Bxd5 16. Qe2 exf4 17. Qxe8+ Rxe8 18. Rxe8+ Qxe8 19. Bxd5+ Kh8 20. Bxg7+ Kxg7 21. Kf2 Qe3+ 22. Kf1 Qxd2 23. gxf4 Qxf4+ 24. Kg2 Nd4 25. Rf1 Qg5+ 26. Kh1 f4 27. Be4 c6 28. c3 Nf5 29.
Rg1 Qh5 30. Kg2 Qe2+ 31. Kh1 f3 32. Ra1 f2 33. Bg2 Ne3 34. d4 Nxg2 35. Kxg2 f1=Q+ 36. Kg3 Qff3+ 37. Kh4 Qg4# 0-1

[Event "*** Titled Tuesday Blitz"]
[Site "Chess.com"]
[Date "2020.05.05"]
[Round "3"]
[White "Ashedu66"]
[Black "Danfii"]
[Result "1-0"]
[WhiteElo "2154"]
[BlackElo "2324"]
[TimeControl "180+1"]
[EndTime "10:25:51 PDT"]
[Termination "Ashedu66 won by resignation"]

1. d4 Nf6 2. c4 e6 3. Nf3 b6 4. a3 Bb7 5. Nc3 d5 6. Qa4+ Bc6 7. Qc2 Be7 8. Bf4 O-O 9. e3 Bb7 10. cxd5 exd5 11. Bd3 c5 12. Rd1 Nbd7 13. O-O Rc8 14. Ne5 Re8 15. Qe2 cxd4 16. exd4 Bf8 17.
Qf3 g6 18. Bg5 Nxe5 19. dxe5 d4 20. Qxb7 1-0

[Event "*** Titled Tuesday Blitz"]
[Site "Chess.com"]
[Date "2020.05.05"]
[Round "3"]
[White "Mikozovna"]
[Black "Sanyura"]
[Result "0-1"]
[WhiteElo "2259"]
[BlackElo "2494"]
[TimeControl "180+1"]
[EndTime "10:25:54 PDT"]
[Termination "Sanyura won by resignation"]

1. e4 c5 2. Nf3 e6 3. d4 cxd4 4. Nxd4 Nf6 5. Nc3 Nc6 6. Be3 Bb4 7. f3 d5 8. Nxc6 bxc6 9. Bd3 d4 10. Bd2 dxc3 11.
bxc3 Bc5 12. Qe2 e5 13. Rd1 O-O 14. Bg5 Be7 15. O-O Qb6+ 16. Kh1 Qc5 17. Bc4 h6 18.
Be3 Qa5 19. h3 Nh5 20. Kh2 Bc5 21. Bd2 Nf4 22. Bxf4 exf4 23. Qd2 Be3 24. Qd6 Qg5 25. g4 fxg3+ 26. Kg2 Bf4 27. Qxc6 Bxh3+ 0-1

[Event "*** Titled Tuesday Blitz"]
[Site "Chess.com"]
[Date "2020.05.05"]
[Round "3"]
[White "Jbd735"]
[Black "talaicito"]
[Result "1-0"]
[WhiteElo "2434"]
[BlackElo "2186"]
[TimeControl "180+1"]
[EndTime "10:25:59 PDT"]
[Termination "Jbd735 won by checkmate"]

1. e4 e6 2. d4 d5 3. Nd2 Nf6 4. e5 Nfd7 5. Bd3 c5 6. c3 Nc6 7. Ne2 cxd4 8. cxd4 f6 9. exf6 Nxf6 10. Nf3 Qc7 11.
Bf4 Bb4+ 12. Bd2 Bd6 13. O-O O-O 14. Rc1 h6 15. Bb1 g5 16. Ng3 Qg7 17. Re1 Bd7 18. Ne5 Nxd4 19. Bc3 Nc6 20. Ng4 d4 21. Bxd4 Nxd4 22.
Qxd4 Bf4 23. Nxf6+ Qxf6 24. Qxd7 Bxc1 25. Qh7# 1-0

[Event "*** Titled Tuesday Blitz"]
[Site "Chess.com"]
[Date "2020.05.05"]
[Round "3"]
[White "Tsukasa06"]
[Black "gemarin"]
[Result "0-1"]
[WhiteElo "2245"]
[BlackElo "1956"]
[TimeControl "180+1"]
[EndTime "10:26:03 PDT"]
[Termination "gemarin won by resignation"]

1. e4 c5 2. c3 d5 3. exd5 Qxd5 4. d4 Nf6 5. Nf3 Bg4 6. Be2 e6 7. O-O Nc6 8. Be3 cxd4 9. cxd4 Be7 10. Nc3 Qd6 11. h3 Bh5 12. a3 a6 13. Qb3 b5 14.
Rad1 Na5 15. Qa2 O-O 16. b4 Nc4 17. g4 Bg6 18. Bxc4 bxc4 19. Qxc4 Rac8 20. Qb3 Qc6 21. Ne5 Qxc3 22. Qa4 Bc2 0-1

[Event "*** Titled Tuesday Blitz"]
[Site "Chess.com"]
[Date "2020.05.05"]
[Round "3"]
[White "TheFireChess"]
[Black "chenxiaoyuer"]
[Result "1-0"]
[WhiteElo "2453"]
[BlackElo "2220"]
[TimeControl "180+1"]
[EndTime "10:26:05 PDT"]
[Termination "TheFireChess won by checkmate"]

1. e4 c5 2. c3 d5 3. exd5 Qxd5 4.
d4 g6 5. Nf3 Bg7 6. Na3 Nf6 7.
Be3 cxd4 8. Nb5 Na6 9. Qxd4 b6 10. Rd1 Bb7 11. Qa4 Qc6 12. Ne5 Nc5 13. Qc4 Qc8 14.
Qxf7# 1-0

[Event "*** Titled Tuesday Blitz"]
[Site "Chess.com"]
[Date "2020.05.05"]
[Round "3"]
[White "SummertimeFun"]
[Black "kleopl"]
[Result "0-1"]
[WhiteElo "2193"]
[BlackElo "2450"]
[TimeControl "180+1"]
[EndTime "10:26:08 PDT"]
[Termination "kleopl won by resignation"]

1. d4 f5 2. c4 Nf6 3. Nf3 g6 4.
g3 Bg7 5. Bg2 O-O 6. O-O d6 7.
Nc3 Qe8 8. d5 a5 9. Nd4 Na6 10.
Ncb5 Bd7 11. Nc3 c6 12. Bg5 Nc5 13. Qd2 Ng4 14. h3 Ne5 15. b3 Nf7 16. Bf4 h6 17. h4 g5 18. hxg5 hxg5 19. Bxg5 Bxd4 20. dxc6 bxc6 21.
Qxd4 Nxg5 22. f4 Nge6 23. Qd3 Qg6 24. Kf2 Rf7 25. Rh1 Rg7 26. Rh3 Nxd3+ 0-1

[Event "*** Titled Tuesday Blitz"]
[Site "Chess.com"]
[Date "2020.05.05"]
[Round "3"]
[White "Aikiigm"]
[Black "AbdulovOrkhan"]
[Result "1-0"]
[WhiteElo "2628"]
[BlackElo "2399"]
[TimeControl "180+1"]
[EndTime "10:26:10 PDT"]
[Termination "Aikiigm won by resignation"]

1. d4 Nf6 2. Nc3 e6 3. e4 d5 4. Bg5 dxe4 5. Nxe4 Be7 6. Bxf6 Bxf6 7. Nf3 O-O 8. Bd3 Nd7 9. Qe2 Be7 10. h4 Nf6 11.
O-O-O Nxe4 12. Qxe4 f5 13. Qe2 Bf6 14. Bc4 Qd6 15.
Kb1 Bd7 16. Ng5 Rae8 17. Rhe1 Bxg5 18. hxg5 Qf4 19. Qe3 Qxe3 20. Rxe3 Kf7 21. Re5 f4 22. Rh1 Kg8 23. Bd3 g6 24. Be4 b6 25. c3 Rc8 26.
Kc2 c5 27. dxc5 Rxc5 28. Rxc5 bxc5 29. Rd1 Rf7 30. Rd6 e5 31. Bd5 1-0

[Event "*** Titled Tuesday Blitz"]
[Site "Chess.com"]
[Date "2020.05.05"]
[Round "3"]
[White "mitraasz"]
[Black "WhiteCapital80"]
[Result "0-1"]
[WhiteElo "2206"]
[BlackElo "2461"]
[TimeControl "180+1"]
[EndTime "10:26:11 PDT"]
[Termination "WhiteCapital80 won by checkmate"]

1. d4 e6 2. Nf3 Nf6 3. e3 d5 4.
Bd3 Be7 5. Nbd2 O-O 6. O-O Nbd7 7. Ne5 Nxe5 8. dxe5 Nd7 9. f4 f5 10. c3 b6 11. Rf3 Nc5 12. Bc2 Ba6 13. Rh3 g6 14. g4 Ne4 15. gxf5 exf5 16. Nf3 c5 17. Bb3 Bc4 18.
Bxc4 dxc4 19. Qa4 Qd5 20. b3 Qd1+ 21. Kg2 Qe2+ 22. Kg1 Qf2+ 23. Kh1 Qf1+ 24. Ng1 Nf2# 0-1

[Event "*** Titled Tuesday Blitz"]
[Site "Chess.com"]
[Date "2020.05.05"]
[Round "3"]
[White "Dii210"]
[Black "Ave_Mariia"]
[Result "1-0"]
[WhiteElo "2039"]
[BlackElo "2283"]
[TimeControl "180+1"]
[EndTime "10:26:14 PDT"]
[Termination "Dii210 won by resignation"]

1. c4 d6 2. Nc3 g6 3. g3 Bg7 4. Bg2 e5 5. e3 f5 6. Nge2 Nf6 7.
O-O O-O 8. d4 Nbd7 9. b3 c6 10.
Ba3 exd4 11. Nxd4 Nc5 12. Rc1 Nfe4 13. Nxe4 Nxe4 14. Qd3 Re8 15. Rfd1 Bd7 16. Nf3 Bf8 17. Nd2 Qe7 18. Nxe4 fxe4 19. Qxd6 Qf6 20. Qxf6 1-0

[Event "*** Titled Tuesday Blitz"]
[Site "Chess.com"]
[Date "2020.05.05"]
[Round "3"]
[White "ZarinaShafigullina"]
[Black "Arek_pacitan"]
[Result "0-1"]
[WhiteElo "2228"]
[BlackElo "2548"]
[TimeControl "180+1"]
[EndTime "10:26:15 PDT"]
[Termination "Arek_pacitan won by resignation"]

1. d4 Nf6 2. Nf3 e6 3. g3 c5 4. Bg2 Nc6 5. O-O Be7 6. c4 cxd4 7. Nxd4 O-O 8. Nc3 a6 9. e4 d6 10. Nxc6 bxc6 11. e5 dxe5 12. Bxc6 Rb8 13. Qe2 Qc7 14.
Bg2 Bd7 15. b3 Rfd8 16. Bb2 Be8 17. Ne4 Nxe4 18. Qxe4 f6 19. f4 Rd2 20. Bc3 Bc5+ 21.
Kh1 Rxg2 22. Qxg2 Bc6 23. Rf3 Qb7 24. Raf1 e4 25. R3f2 Bxf2 0-1

[Event "*** Titled Tuesday Blitz"]
[Site "Chess.com"]
[Date "2020.05.05"]
[Round "3"]
[White "Tayson_7"]
[Black "Alexander_Donchenko"]
[Result "1-0"]
[WhiteElo "2628"]
[BlackElo "2800"]
[TimeControl "180+1"]
[EndTime "10:26:16 PDT"]
[Termination "Tayson_7 won by resignation"]

1. e4 c6 2. d4 d5 3. exd5 cxd5 4. Nf3 Nc6 5. Ne5 a6 6. c4 e6 7. Nxc6 bxc6 8. Nc3 g6 9. Be2 Bg7 10. O-O Ne7 11. Bf4 O-O 12. Be5 f6 13. Bf4 e5 14.
Be3 c5 15. Nxd5 Nxd5 16. cxd5 cxd4 17. Bd2 Qxd5 18. Bb4 Rd8 19. Rc1 Bb7 20. Bc4 Bh6 21. Bxd5+ Bxd5 22. Rc7 a5 23. Be7 Rdc8 24. Rxc8+ Rxc8 25.
Bxf6 Rc1 26. Qxc1 Bxc1 27. Rxc1 1-0

[Event "*** Titled Tuesday Blitz"]
[Site "Chess.com"]
[Date "2020.05.05"]
[Round "3"]
[White "Justinz"]
[Black "levallem"]
[Result "1-0"]
[WhiteElo "2333"]
[BlackElo "2119"]
[TimeControl "180+1"]
[EndTime "10:26:18 PDT"]
[Termination "Justinz won by resignation"]

1. e4 c5 2. Nf3 Nc6 3. d4 cxd4 4. Nxd4 g6 5. Nc3 Bg7 6. Be3 Nf6 7. Nb3 O-O 8. Be2 d6 9. O-O Be6 10. f4 Qd7 11. Kh1 Bg4 12. Bxg4 Nxg4 13. Bg1 f5 14. e5 Rad8 15. h3 Nh6 16. exd6 Qxd6 17. Qf3 b6 18.
Rad1 Qc7 19. Nd5 Qc8 20. Nd4 Nxd4 21. Bxd4 Bxd4 22. Nxe7+ 1-0

[Event "*** Titled Tuesday Blitz"]
[Site "Chess.com"]
[Date "2020.05.05"]
[Round "3"]
[White "LiamVrolijk"]
[Black "Aradej"]
[Result "1-0"]
[WhiteElo "2750"]
[BlackElo "2534"]
[TimeControl "180+1"]
[EndTime "10:26:22 PDT"]
[Termination "LiamVrolijk won by resignation"]

1. d4 Nf6 2. c4 c5 3. d5 g6 4. Nc3 Bg7 5. e4 d6 6. Nge2 O-O 7. Ng3 e6 8. Be2 exd5 9. cxd5 h5 10. Bg5 a6 11. a4 Qb6 12. Qd2 Re8 13. O-O Nh7 14. Bh4 Nd7 15. a5 Qc7 16. f4 Bh6 17. Qc2 Rb8 18.
Rad1 b5 19. e5 dxe5 20. d6 Qxa5 21. Nd5 c4 22. Ra1 Qxa1 23. Rxa1 exf4 24. Ne4 g5 25.
Bf2 f5 26. Ne7+ Kf7 27. Bxc4+ bxc4 28. Qxc4+ Kg7 29. Nxf5+ 1-0

[Event "*** Titled Tuesday Blitz"]
[Site "Chess.com"]
[Date "2020.05.05"]
[Round "3"]
[White "Quaternitychess"]
[Black "Sosat98"]
[Result "1-0"]
[WhiteElo "2379"]
[BlackElo "2676"]
[TimeControl "180+1"]
[EndTime "10:26:24 PDT"]
[Termination "Quaternitychess won by resignation"]

1. e4 e5 2. Nf3 Nc6 3. d4 exd4 4.
Nxd4 Nf6 5. Nxc6 bxc6 6. e5 Qe7 7. Qe2 Nd5 8. c4 Nb6 9. Nc3 a5 10. Bd2 a4 11. Qe4 g6 12. Bd3 Bg7 13. O-O O-O 14. Rfe1 Re8 15. Re3 Qc5 16. Qh4 Ba6 17. Ne4 Qxe5 18.
Bc3 Qh5 19. Nf6+ Bxf6 20. Qxf6 1-0

[Event "*** Titled Tuesday Blitz"]
[Site "Chess.com"]
[Date "2020.05.05"]
[Round "3"]
[White "KuzubovYuriy"]
[Black "TudorAnton"]
[Result "1-0"]
[WhiteElo "2766"]
[BlackElo "2510"]
[TimeControl "180+1"]
[EndTime "10:26:25 PDT"]
[Termination "KuzubovYuriy won by resignation"]

1. d4 Nf6 2. Nf3 e6 3. c4 Bb4+ 4. Bd2 c5 5. g3 Qb6 6. Bg2 cxd4 7. O-O Bxd2 8. Nbxd2 Nc6 9. Nb3 e5 10. e3 dxe3 11.
c5 exf2+ 12. Rxf2 Qc7 13. Ng5 h6 14. Nxf7 Kxf7 15. Qh5+ Kg8 16. Rxf6 1-0

[Event "*** Titled Tuesday Blitz"]
[Site "Chess.com"]
[Date "2020.05.05"]
[Round "3"]
[White "CarlssonLudvig"]
[Black "Sychev_Klementy"]
[Result "0-1"]
[WhiteElo "2461"]
[BlackElo "2888"]
[TimeControl "180+1"]
[EndTime "10:26:28 PDT"]
[Termination "Sychev_Klementy won by resignation"]

1. Nf3 Nf6 2. b3 g6 3. Bb2 Bg7 4. g3 c5 5. c4 b6 6. Bg2 Bb7 7. O-O O-O 8. Nc3 Na6 9. Rc1 Rc8 10. e3 Nb4 11. Qe2 d5 12. a3 Nc6 13. Nxd5 Nxd5 14. Bxg7 Kxg7 15. cxd5 Qxd5 16. d3 Qxb3 17. Rc4 Rfd8 18. Rd1 Ba6 19. Rh4 Rxd3 0-1

[Event "*** Titled Tuesday Blitz"]
[Site "Chess.com"]
[Date "2020.05.05"]
[Round "3"]
[White "DrBergerBerger"]
[Black "Colombiano07"]
[Result "1-0"]
[WhiteElo "2478"]
[BlackElo "2166"]
[TimeControl "180+1"]
[EndTime "10:26:28 PDT"]
[Termination "DrBergerBerger won by resignation"]

1. e4 e6 2. d4 d5 3. exd5 exd5 4. Nf3 Bd6 5. c4 Nf6 6. Nc3 O-O 7. c5 Re8+ 8. Be2 Bf8 9. O-O h6 10. Bf4 Bf5 11.
Ne5 Nbd7 12. c6 bxc6 13. Nxc6 Qc8 14. Qa4 Nb6 15. Qa6 Ne4 16. Qxc8 Rexc8 17. Ba6 Re8 18. Bb7 Bd6 19. Bxd6 Nxd6 20. Bxa8 Rxa8 21. Nb4 Rd8 22. Nbxd5 Nxd5 23. Nxd5 Nb5 24. Ne7+ 1-0